 Dungeon Crawl Stone Soup version 0.26-a0-30-g56b8cd3df0 (webtiles) character file.

Game seed: 14554757477438667142, levelgen mode: deterministic

2474 Hasart the Reanimator (level 9, -1/57 HPs)
             Began as a Demonspawn Necromancer on June 3, 2020.
             Was a Believer of Sif Muna.
             Slain by a hell rat (17 damage)
             ... on level 8 of the Dungeon.
             The game lasted 00:21:48 (12823 turns).

Hasart the Reanimator (Demonspawn Necromancer)     Turns: 12823, Time: 00:21:49

Health: -1/57      AC:  4    Str:  8    XL:     9   Next: 26%
Magic:  11/17      EV: 15    Int: 20    God:    Sif Muna [**....]
Gold:   64         SH:  0    Dex: 14    Spells: 11/19 levels left

rFire    . . .     SeeInvis .   h - +0 dagger (venom)
rCold    . . .     Gourm    .   (no shield)
rNeg     . . .     Faith    .   y - +0 leather armour
rPois    +         Spirit   .   (helmet restricted)
rElec    .         Reflect  .   r - +0 cloak
rCorr    .         Harm     .   (no gloves)
MR       .....                  (no boots)
Stlth    +.........             (no amulet)
HPRegen  0.19/turn              k - ring of poison resistance
MPRegen  0.15/turn              (no ring)

@: drained
A: antennae 2, repulsion field 1, demonic guardian 2, rot immunity
a: Channel Magic, Renounce Religion


You were on level 8 of the Dungeon.
You worshipped Sif Muna.
Sif Muna was pleased with you.
You were not hungry.

You visited 2 branches of the dungeon, and saw 9 of its levels.

You collected 246 gold pieces.
You spent 182 gold pieces at shops.

Inventory:

Hand Weapons
 a - a +2 short sword of speed
 h - a +0 dagger of venom (weapon)
Armour
 r - a +0 cloak (worn)
 y - a +0 leather armour (worn)
Magical Staves
 C - an uncursed staff of energy
Jewellery
 k - a ring of poison resistance (left hand)
 B - an uncursed ring of ice {unknown}
Wands
 u - a wand of acid (8)
 v - a wand of random effects (9)
Scrolls
 b - 10 scrolls of remove curse {unknown}
 d - 7 scrolls of identify {unknown}
 e - 6 scrolls of teleportation {unknown}
 l - 2 scrolls of fear {unknown}
 o - 3 scrolls of blinking {unknown}
 s - a scroll of amnesia {unknown}
 w - a scroll of immolation {unknown}
 A - a scroll of enchant weapon {unknown}
 D - a scroll of noise {unknown}
 E - a scroll of summoning {unknown}
Potions
 f - 4 potions of flight {unknown}
 g - a potion of haste {unknown}
 i - 2 potions of brilliance {unknown}
 j - 4 potions of curing
 m - a potion of resistance {unknown}
 n - a potion of stabbing {unknown}
 p - 3 potions of heal wounds
 q - a potion of cancellation {unknown}
 t - a potion of lignification {unknown}
 x - a potion of invisibility {unknown}
 z - a potion of degeneration {unknown}
Comestibles
 c - 13 rations
 F - 3 chunks of flesh


   Skills:
 + Level 5.4(4.5) Dodging
 - Level 1.7(0.9) Stealth
 + Level 5.5(4.6) Spellcasting
 * Level 10.0(8.9) Necromancy
 + Level 4.3(3.4) Invocations
 + Level 3.1(2.2) Evocations


You had 11 spell levels left.
You knew the following spells:

 Your Spells              Type           Power        Failure   Level  Hunger
a - Pain                  Necr           ####         1%          1    None
b - Vampiric Draining     Necr           #####.....   1%          3    ##.....
c - Animate Dead          Necr           N/A          4%          4    ####...

Your spell library contained the following spells:

 Spells                   Type           Power        Failure   Level  Hunger
 Animate Skeleton         Necr           N/A          1%          1    None
 Agony                    Necr           #####...     12%         5    ######.


Dungeon Overview and Level Annotations

Branches:
Dungeon (8/15)             Temple (1/1) D:5
   Lair: D:8-11

Altars:
Cheibriados
Elyvilon
Fedhas
Gozag
Hepliaklqana
Kikubaaqudgha
Makhleb
Qazlal
Sif Muna
Trog
Uskayaw
Vehumet
Xom
Yredelemnul
Zin
The Shining One

Shops:
D:4 !   D:7 !


Innate Abilities, Weirdness & Mutations

You have a pair of antennae on your head.
You are surrounded by a mild repulsion field. (EV +2)
A demonic guardian rushes to your aid.
You are immune to rotting.


Message History

The hell rat is lightly wounded.
The hell rat barely misses you.
The river rat barely misses something.
You closely miss the hell rat.
The hell rat is lightly wounded.
The hell rat barely misses you.
The river rat bites something.
Press: ? - help, v - describe, . - travel A rock wall.
You hit the hell rat but do no damage.
The hell rat is poisoned.
The hell rat is lightly wounded.
The hell rat bites you.
You feel drained.
* * * LOW HITPOINT WARNING * * *
The river rat bites something.
You closely miss the hell rat.
The hell rat is lightly wounded.
The hell rat misses you. The hell rat closely misses you.
The river rat barely misses something.
You hit the hell rat but do no damage.
The hell rat looks as sick as possible!
The hell rat is lightly wounded.
The hell rat bites you!
You die...

######### ####.#...#.###
##...#÷###.#..## ##.######
#####.## #.######.
{r..##@### ##..##...
#..r[##rr######
###.##..#r..rr####Z#...#
##.##.....r.# ##.##.#.#
#.##.# #.#######{#.#.#.#
##.##...#Z{.##Z{####.#.#
#..###....Z.Z###......###
#.÷#############.##.#...#
###.########..........#.###


You could see a hell rat (extremely poisoned), a river rat and a friendly rat
zombie.

Vanquished Creatures
  Edmund (D:4)
  A sky beast (D:6)
  An orc warrior (D:6)
  An ice beast (D:7)
  An ogre (D:5)
  A bullfrog (D:6)
  A scorpion (D:4)
  8 killer bees (D:7)
  2 howler monkeys
  3 crimson imps
  A hound (D:7)
  7 orc priests
  A centaur skeleton (D:6)
  A jelly (D:7)
  2 iguanas
  13 orc wizards
  3 worker ants
  4 adders (D:2)
  2 river rats (D:8)
  2 shadow imps (D:6)
  An ooze (D:3)
  3 adder skeletons
  An adder zombie (D:6)
  3 worms (D:6)
  2 dart slugs
  10 leopard geckos
  35 orcs
  4 ball pythons
  3 giant cockroaches
  5 hobgoblins
  6 jackals
  3 quokkas
  9 bats
  11 frilled lizards
  3 goblins (D:2)
  9 kobolds
  20 rats
184 creatures vanquished.

Vanquished Creatures (collateral kills)
  2 orc warriors
  A phantom (D:5)
  3 ogres
  A wight (D:7)
  2 orc priests
  An orc wizard (D:6)
  A worker ant (D:4)
  3 orcs
14 creatures vanquished.

Grand Total: 198 creatures vanquished

Notes
Turn   | Place    | Note
-------+----------+-------------------------------------------
     0 | D:1      | Hasart the Demonspawn Necromancer began the quest for the
                  | Orb.
     0 | D:1      | Reached XP level 1. HP: 13/13 MP: 3/3
   658 | D:1      | Gained mutation: A weak demonic guardian rushes to your
                  | aid. [demonic ancestry]
   658 | D:1      | Reached XP level 2. HP: 17/19 MP: 1/5
  1110 | D:1      | You fall into a shaft and drop 1 floor!
  1127 | D:2      | Reached skill level 5 in Necromancy
  1127 | D:2      | Gained mutation: You are surrounded by a mild repulsion
                  | field. (EV +2) [demonic ancestry]
  1127 | D:2      | Reached XP level 3. HP: 22/24 MP: 2/6
  1448 | D:2      | Found a burning altar of Makhleb.
  1451 | D:2      | Found a shimmering altar of Xom.
  1896 | D:2      | Gained mutation: You have a pair of small antennae on your
                  | head. [demonic ancestry]
  1896 | D:2      | Reached XP level 4. HP: 20/30 MP: 7/7
  3764 | D:3      | Reached XP level 5. HP: 16/35 MP: 6/9
  4030 | D:4      | Noticed an ogre
  4040 | D:4      | Killed an ogre
  4040 | D:4      | Reached skill level 6 in Necromancy
  4095 | D:4      | Noticed an ogre
  4103 | D:4      | Killed an ogre
  4103 | D:4      | Reached XP level 6. HP: 38/41 MP: 6/10
  4133 | D:4      | Found a hide-covered altar of Uskayaw.
  4149 | D:4      | Found a radiant altar of Vehumet.
  4152 | D:4      | Found a glowing silver altar of Zin.
  4155 | D:4      | Found a stormy altar of Qazlal.
  4374 | D:4      | Learned a level 3 spell: Vampiric Draining
  4385 | D:4      | Noticed Edmund
  4397 | D:4      | Killed Edmund
  4399 | D:4      | Found Hahu's Distillery.
  4540 | D:4      | Bought a potion of curing for 42 gold pieces
  4576 | D:4      | Reached skill level 7 in Necromancy
  5048 | D:4      | Found a blossoming altar of Fedhas.
  5059 | D:4      | Gained mutation: You are immune to rotting. [demonic
                  | ancestry]
  5059 | D:4      | Reached XP level 7. HP: 28/46 MP: 4/12
  5543 | D:5      | Entered Level 5 of the Dungeon
  5747 | D:5      | Learned a level 4 spell: Animate Dead
  7180 | D:3      | Reached skill level 8 in Necromancy
  7893 | D:5      | Found a staircase to the Ecumenical Temple.
  7905 | Temple   | Entered the Ecumenical Temple
  8051 | Temple   | Became a worshipper of Sif Muna the Loreminder
  8553 | D:6      | Gained mutation: A demonic guardian rushes to your aid.
                  | [demonic ancestry]
  8553 | D:6      | Reached XP level 8. HP: 47/52 MP: 6/14
  8885 | D:6      | Reached skill level 1 in Invocations
  9328 | D:6      | Reached skill level 1 in Evocations
  9804 | D:6      | Reached * piety under Sif Muna
  9849 | D:6      | Reached skill level 9 in Necromancy
 10250 | D:6      | Found an ancient bone altar of Kikubaaqudgha.
 10624 | D:6      | Reached skill level 5 in Dodging
 10624 | D:6      | Reached skill level 5 in Spellcasting
 10995 | D:7      | Found Waeghy's Distillery.
 10999 | D:7      | Bought 2 potions of heal wounds for 140 gold pieces
 11508 | D:7      | Gained mutation: You have a pair of antennae on your head.
                  | [demonic ancestry]
 11508 | D:7      | Reached XP level 9. HP: 46/57 MP: 10/16
 12404 | D:7      | Reached ** piety under Sif Muna
 12404 | D:7      | Reached skill level 10 in Necromancy
 12789 | D:8      | Found the +2 ratskin cloak {+Rats rPois rN+ Str-1 Int-1
                  | Dex+1}
 12823 | D:8      | Slain by a hell rat

Illustrated notes

Levels and vault maps discovered:
D:1:      dpeg_arrival_round_a, layout_basic, dk_noncrumbling_2,
          minmay_lizard_pond
D:2:      layout_basic, grunt_temple_overflow_open, patterned_corridor
D:3:      layout_rooms, guppyfry_early_lair_pool
D:4:      layout_rooms, fedhas_altar_1, grunt_temple_overflow_cloverleaf,
          first_ration, serial_shops, shop, uniq_edmund
D:5:      layout_loops_corners, minmay_temple_entry_proselytizer, serial_bayou,
          serial_bayou_pond_a, serial_bayou_pond_a, serial_bayou_lake_a,
          serial_bayou_pond_b, hangedman_decor_clover_reticule,
          minmay_hedge_maze, kennysheep_generic_room_10
D:6:      layout_basic, marbit_many_paths, portal_sewer_entry_c
D:7:      layout_basic, kennysheep_mini, serial_shops, shop
D:8:      wander_guarded_unrand_ratskin, layout_basic,
          hangedman_little_slice_of_home
Temple:   dshaligram_water_room_temple

Skill      XL: |  1  2  3  4  5  6  7  8  9 |
---------------+----------------------------+-----
Dodging        | 2 3 4 5 |  5.4
Necromancy     | 5 6 7 8 9 10 | 10.0
Spellcasting   | 3 4 5 |  5.5
Invocations    | 3 4 |  4.3
Evocations     | 2 3 |  3.1
Stealth        | |  1.7

Action                   |  1- 3 |  4- 6 |  7- 9 || total
-------------------------+-------+-------+-------++-------
Melee: Unarmed           |     3 |       |       ||     3
       Dagger            |    21 |     4 |   106 ||   131
       Short sword       |       |       |   202 ||   202
 Cast: Pain              |    63 |   100 |   226 ||   389
       Animate Dead      |       |       |     2 ||     2
       Vampiric Draining |       |       |     9 ||     9
  Use: Potion            |       |       |     1 ||     1
 Stab: Distracted        |       |       |     2 ||     2
       Sleeping          |       |       |     1 ||     1
  Eat: Chunk             |     4 |     7 |    17 ||    28
       Ration            |       |     1 |     2 ||     3
Armor: Robe              |     4 |     3 |       ||     7
       Leather armour    |       |       |    56 ||    56
Dodge: Dodged            |    23 |    19 |   230 ||   272

Table legend:
 A = Non-vault XP
 B = Vault XP
 C = Vault XP percentage of total XP
 D = Non-vault monster count
 E = Vault monster count
 F = Vault count percentage of total count
                 A         B        C        D         E       F
            +---------+---------+-------+---------+---------+-------
      Total |    3225 |     310 |   8.8 |     167 |      31 |  15.7
            +---------+---------+-------+---------+---------+-------
        D:1 |      31 |       7 |  18.4 |      20 |       7 |  25.9
        D:2 |      93 |       0 |   0.0 |      24 |       0 |   0.0
        D:3 |     185 |       0 |   0.0 |      21 |       0 |   0.0
        D:4 |     539 |     135 |  20.0 |      24 |       1 |   4.0
        D:5 |     295 |     118 |  28.6 |      18 |       4 |  18.2
        D:6 |     857 |      13 |   1.5 |      24 |       6 |  20.0
        D:7 |    1225 |       0 |   0.0 |      36 |       0 |   0.0
        D:8 |       0 |      37 | 100.0 |       0 |      13 | 100.0
            +---------+---------+-------+---------+---------+-------
